 Dungeon Crawl Stone Soup version 0.30-a0-726-gd89dcf765f (webtiles) character file.

Game seed: 16328056513976305275

984 ZeroWinrate the Covert (level 8, -2/54 HPs)
             Began as an Octopode Delver on Jan 25, 2023.
             Slain by an orc warrior
             ... wielding a +0 dire flail
              (19 damage)
             ... on level 7 of the Dungeon on Jan 30, 2023.
             The game lasted 00:17:32 (5754 turns).

ZeroWinrate the Covert (Octopode Delver)            Turns: 5754, Time: 00:17:32

Health: -2/54      AC:  1    Str: 15    XL:     8   Next: 17%
Magic:  11/11      EV: 15    Int: 11    God:
Gold:   327        SH:  0    Dex: 13    Spells: 12/12 levels left

rFire   . . .      SeeInvis .    l - +7 dagger of the Glamorous God {pain, rN++}
rCold   + . .      Faith    +    (no shield)
rNeg    + + .      Spirit   .    (helmet restricted)
rPois   .          Reflect  .    e - amulet "Caipank" {Faith Str+3 Int-3}
rElec   .          Harm     .    g - ring of flight
rCorr   .          Rampage  .    n - ring of protection from cold
Will    .....                    (no ring)
Stlth   +++++                    (no ring)
HPRegen 0.29/turn                (no ring)
MPRegen 0.12/turn                (no ring)
                                 (no ring)
                                 (no ring)

@: flying
A: almost no armour, amphibious, 8 rings, camouflage 1, gelatinous body 1,
(nimble swimmer 1), tentacles
a: no special abilities


You were on level 7 of the Dungeon.
You visited 1 branch of the dungeon, and saw 7 of its levels.

You collected 327 gold pieces.

Inventory:

Hand Weapons
 a - a +0 spear
 l - the +7 dagger of the Glamorous God (weapon) {pain, rN++}
   (You found it on level 2 of the Dungeon)

   rN:        It greatly protects you from negative energy.
Missiles
 c - 5 poisoned darts (quivered)
Jewellery
 e - the amulet "Caipank" (around mantle) {Faith Str+3 Int-3}
   (You found it on level 2 of the Dungeon)

   [amulet of faith]

   It allows you to gain divine favour quickly.
   Str:       It affects your strength (+3).
   Int:       It affects your intelligence (-3).
 g - a ring of flight (left tentacle)
 n - a ring of protection from cold (right tentacle)
Wands
 f - a wand of digging (3)
 q - a wand of roots (7)
Scrolls
 b - 2 scrolls of fog
 d - 2 scrolls of fear
 j - 2 scrolls of teleportation
 k - a scroll of brand weapon {unknown}
 m - a scroll of amnesia {unknown}
 r - 2 scrolls of enchant weapon {unknown}
 u - 2 scrolls of vulnerability {unknown}
 v - a scroll of enchant armour {unknown}
 y - a scroll of poison {unknown}
Potions
 h - 4 potions of curing
 i - 3 potions of magic {unknown}
 o - 4 potions of heal wounds {unknown}
 p - 2 potions of lignification {unknown}
 s - a potion of might {unknown}
 t - a potion of invisibility {unknown}
 w - a potion of haste
 x - a potion of resistance {unknown}
 z - a potion of flight {unknown}


   Skills:
 - Level 4.1 Fighting
 + Level 4.3 Short Blades
 - Level 2.0 Polearms
 + Level 5.2 Dodging
 + Level 9.2 Stealth
 - Level 2.6 Spellcasting


You had 12 spell levels left.
You didn't know any spells.
Your spell library contained the following spells:

 Spells                   Type           Power      Damage    Failure   Level
 Ensorcelled Hibernation  Hex/Ice        2%         N/A       38%         2
 Passwall                 Tmut/Erth      0%         N/A       38%         2
 Swiftness                Air            1%         N/A       63%         3


Dungeon Overview and Level Annotations

Branches:
Dungeon (7/15)             Temple (0/1) D:4

Altars:
Ru
Sif Muna
The Shining One

Shops:
D:4 (

Annotations:
D:5 1 runed translucent door, sokol815's ghost, amateur DgHu


Innate Abilities, Weirdness & Mutations

You cannot wear most types of armour.
You are amphibious.
You can wear up to eight rings at the same time.
Your skin changes colour to match your surroundings (Stealth+).
Your rubbery body absorbs attacks. (AC +1, EV +1)
((You are camouflaged when in or above water. (Stealth+)))
You have tentacles for arms and can constrict up to eight enemies at once.


Message History

You hit the orc priest but do no damage.
You squeeze the orc priest.
The orc priest is moderately wounded.
The grasping roots constrict the orc warrior.
The grasping roots constrict the orc priest. x2
The roots release their grip on the orc warrior.
The roots release their grip on the orc priest.
You puncture the orc priest!
You kill the orc priest!
The grasping roots constrict the orc priest!
You kill the orc priest!
A sky beast comes into view.
You hit the orc warrior but do no damage.
Your grab misses the orc warrior.
The orc warrior is lightly wounded.
The orc warrior barely misses you.
The orc warrior hits you with a +0 dire flail!
Things that are here:
a +0 flail; a +0 leather armour; an orc corpse
Aiming: Fastroot
Press: ? - help, Shift-Dir - straight line, f/p - orc warrior
Aim: an orc warrior, wielding a +0 dire flail and wearing a +0 chain mail (lightly wounded)
The roots erupt in riotous growth!
Roots grab the orc warrior.
Roots grab the black bear.
The grasping roots constrict the orc warrior.
The grasping roots constrict the black bear!
The black bear struggles to escape constriction.
The orc warrior hits you with a +0 dire flail!
Unknown command.
Unknown command.
Unknown command.
You hit the orc warrior but do no damage.
You tentacle-slap the orc warrior, but do no damage.
The orc warrior is lightly wounded.
The grasping roots constrict the orc warrior.
The grasping roots constrict the black bear!
The roots release their grip on the orc warrior.
The roots release their grip on the black bear.
The orc warrior hits you with a +0 dire flail!!
You die...

... .. ...... ..##
...... #....
......### #...
##.......# ##....
###...#....#
......##..........
....Y..o@...../.#
....#.h#.......# .
####...(...# .
#..#.#...#
....#..#....##
#......<...##
#.....##..##
.....# #.## ...##
###


You could see an orc warrior, a black bear and a sky beast.

Vanquished Creatures
  3 ogres
  2 necrophages (D:5)
  A scorpion (D:6)
  2 hounds (D:4)
  3 orc priests
  An iguana (D:6)
  4 orc wizards
  Terence (D:2)
  9 adders
  3 gnolls (D:5)
  A river rat (D:5)
  A shadow imp (D:6)
  A white imp (D:6)
  3 dart slugs
  19 orcs
  8 endoplasms
  6 giant cockroaches
  7 goblins
  8 hobgoblins
  2 jackals (D:2)
  7 quokkas
  4 ball pythons
  3 bats
  3 frilled lizards (D:2)
  5 kobolds
  4 rats
111 creatures vanquished.

Notes
Turn   | Place    | Note
-------+----------+-------------------------------------------
     0 | D:5      | ZeroWinrate the Octopode Delver began the quest for the
                  | Orb.
     0 | D:5      | Reached XP level 1. HP: 16/16 MP: 1/1
    89 | D:2      | Reached skill level 1 in Spellcasting
    89 | D:2      | Reached XP level 2. HP: 16/21 MP: 1/3
   132 | D:2      | HP: 1/21 [poisoned by an adder]
   248 | D:2      | Identified the amulet "Caipank" {Faith Str+3 Int-3}
   292 | D:2      | Reached XP level 3. HP: 24/26 MP: 5/5
   304 | D:2      | Noticed Terence
   315 | D:2      | Killed Terence
   316 | D:2      | Reached XP level 4. HP: 8/33 MP: 5/7
   717 | D:2      | Identified the +7 dagger of the Glamorous God {pain, rN++}
  1878 | D:1      | Found a faded altar of an unknown god.
  2029 | D:3      | Reached XP level 5. HP: 5/37 MP: 8/8
  2245 | D:3      | Reached skill level 1 in Short Blades
  2343 | D:3      | Reached skill level 7 in Stealth
  2660 | D:5      | Reached XP level 6. HP: 43/43 MP: 9/9
  2662 | D:5      | Found a runed translucent door.
  2667 | D:5      | Noticed sokol815's ghost (amateur DgHu)
  2741 | D:4      | Found a staircase to the Ecumenical Temple.
  3069 | D:4      | Found Xihau's Weapon Boutique.
  3645 | D:5      | Found a runed translucent door.
  3805 | D:5      | Reached XP level 7. HP: 43/48 MP: 10/10
  3845 | D:5      | Found a glowing golden altar of the Shining One.
  3850 | D:5      | Reached skill level 8 in Stealth
  4860 | D:6      | Found a sacrificial altar of Ru.
  5013 | D:6      | Found a shimmering blue altar of Sif Muna.
  5019 | D:6      | Upgraded the game from 0.30-a0-718-geaa24f58ff to
                  | 0.30-a0-726-gd89dcf765f
  5364 | D:6      | Reached skill level 5 in Dodging
  5364 | D:6      | Reached skill level 9 in Stealth
  5364 | D:6      | Reached XP level 8. HP: 54/54 MP: 11/11
  5754 | D:7      | Slain by an orc warrior

Illustrated notes

Levels and vault maps discovered:
D:1:      minmay_arrival_checkered_box, layout_loops_ring,
          shapermc_ecumenical_altar_mp_urbaneastern,
          nicolae_figureground_sparkle
D:2:      layout_basic, uniq_terence
D:3:      layout_rooms
D:4:      layout_basic, minmay_temple_entry_offerings, portal_sewer_entry_f,
          serial_shops, nicolae_lakefront_shop
D:5:      layout_basic, lemuel_crystal_altar, nicolae_ossuary_entry_monument,
          ebering_ghost_sewer_f, serial_bayou_crossing
D:6:      layout_loops_cross, nicolae_sif_muna_condensation,
          mainiacjoe_overflow_tiny_flanked, hangedman_decor_diamond_cutter
D:7:      layout_cave_pools, okawaru_altar_gauntlet_db

Skill      XL: |  1  2  3  4  5  6  7 |
---------------+----------------------+-----
Spellcasting   | 1 2 |  2.6
Fighting       | 4 |  4.1
Short Blades   | 1 2 4 |  4.3
Dodging        | 3 5 |  5.2
Stealth        | 7 9 |  9.2
Polearms       | |  2.0

Action                     |  1- 3 |  4- 6 |  7- 9 || total
---------------------------+-------+-------+-------++-------
  Melee: Spear             |    37 |    30 |       ||    67
         Tentacles         |     5 |    27 |     9 ||    41
         Constrict         |     7 |    29 |     5 ||    41
         Dagger            |       |   114 |    53 ||   167
         Punch             |       |     2 |     2 ||     4
  Throw: Dart              |       |       |     4 ||     4
  Evoke: Wand              |       |       |     6 ||     6
    Use: Scroll            |     1 |     2 |     2 ||     5
         Potion            |     1 |       |     2 ||     3
   Stab: Sleeping          |     1 |    28 |     4 ||    33
         Distracted        |       |     1 |       ||     1
 Armour: Skin              |       |     6 |       ||     6
  Dodge: Dodged            |    21 |    74 |    20 ||   115

Table legend: (Time is in decaauts)
 A = Elapsed time spent in this place.
 B = Non-inter-level travel time spent in this place.
 C = Inter-level travel time spent in this place.
 D = Time resting spent in this place.
 E = Time spent auto-exploring this place.
 F = Levels seen in this place.
 G = Mean time per level.
                   A        B        C        D        E       F      G
               +--------+--------+--------+--------+--------+-----+--------+
         Total |   5719 |   5509 |    210 |    713 |   3350 |   7 |  817.0 |
       Dungeon |   5719 |   5509 |    210 |    713 |   3350 |   7 |  817.0 |
               +--------+--------+--------+--------+--------+-----+--------+

Top non-repeatable levels by time:
     D:5: 1421 daAuts
     D:2: 1174 daAuts
     D:6: 877 daAuts
     D:4: 860 daAuts
     D:1: 747 daAuts
     D:3: 624 daAuts
     D:7: 13 daAuts
